 Dungeon Crawl Stone Soup version 0.30-a0-451-ge042605de7 (webtiles) character file.

Game seed: 3967419433042678676

2241 bande the Chopper (level 9, -5/55 HPs)
             Began as a Gargoyle Fighter on Dec 11, 2022.
             Slain by a yak (8 damage)
             ... on level 6 of the Dungeon.
             The game lasted 00:11:48 (6182 turns).

bande the Chopper (Gargoyle Fighter)                Turns: 6182, Time: 00:11:49

Health: -5/55      AC: 24    Str: 20    XL:     9   Next: 36%
Magic:  9/9        EV:  9    Int:  9    God:
Gold:   158        SH:  5    Dex: 13    Spells: 8/8 levels left

rFire   . . .      SeeInvis .    a - +1 war axe
rCold   . . .      Faith    .    c - +0 buckler
rNeg    + . .      Spirit   .    n - +2 scale mail {rPois}
rPois   ∞          Reflect  .    s - +1 helmet
rElec   +          Harm     .    v - +2 cloak {Will+}
rCorr   +          Rampage  .    i - +0 pair of gloves
Will    +....                    y - +0 pair of boots {Fly}
Stlth   ..........               (no amulet)
HPRegen 0.29/turn                b - ring of resist corrosion
MPRegen 0.11/turn                (no ring)

@: flying
A: sickness immunity, AC +6, negative energy resistance 1, electricity
resistance, torment resistance 1, petrification resistance
a: no special abilities


You were on level 6 of the Dungeon.
You visited 1 branch of the dungeon, and saw 6 of its levels.

You collected 300 gold pieces.
You spent 142 gold pieces at shops.

Inventory:

Hand Weapons
 a - a +1 war axe (weapon)
 e - a +0 flail
Armour
 c - a +0 buckler (worn)
 i - a +0 pair of gloves (worn)
 n - a +2 scale mail of poison resistance (worn)
 s - a +1 helmet (worn)
 v - a +2 cloak of willpower (worn)
 y - a +0 pair of boots of flying (worn)
Jewellery
 b - a ring of resist corrosion (left hand)
 f - an amulet of the acrobat
 r - a +6 ring of intelligence
 u - a ring of ice
Wands
 h - a wand of charming (20)
Scrolls
 q - a scroll of enchant weapon
 w - 2 scrolls of fog
 A - a scroll of identify
Potions
 d - 3 potions of might
 g - a potion of magic {unknown}
 k - 2 potions of lignification {unknown}
 m - a potion of mutation {unknown}
 o - a potion of haste {unknown}
 p - a potion of flight {unknown}
 t - 2 potions of heal wounds {unknown}
 x - a potion of degeneration {unknown}
 z - 2 potions of brilliance {unknown}


   Skills:
 + Level 6.0 Fighting
 + Level 7.5 Axes
 + Level 6.2 Armour
 + Level 5.6 Shields
 * Level 4.0 Evocations


You had 8 spell levels left.
You didn't know any spells.
Your spell library contained the following spells:

 Spells                   Type           Power      Damage    Failure   Level
 Foxfire                  Conj/Fire      0%         2x1d4     80%         1
 Summon Small Mammal      Summ           0%         N/A       80%         1
 Static Discharge         Conj/Air       0%         2-2/arc   90%         2
 Call Canine Familiar     Summ           0%         N/A       99%         3
 Summon Guardian Golem    Hex/Summ       0%         N/A       99%         3
 Tukima's Dance           Hex            0%         N/A       99%         3
 Vhi's Electric Charge    Tloc/Air       0%         N/A       99%         3
 Passage of Golubria      Tloc           0%         N/A       100%        4
 Arcjolt                  Conj/Air       0%         1d10      100%        5
 Fireball                 Conj/Fire      0%         3d3       100%        5
 Lightning Bolt           Conj/Air       0%         1d11      100%        5
 Yara's Violent Unravell  Hex/Tmut       0%         3d3       100%        5
 Starburst                Conj/Fire      0%         6d3       100%        6


Dungeon Overview and Level Annotations

Branches:
Dungeon (6/15)
 Temple: D:4-7

Altars:
Cheibriados
Fedhas
Hepliaklqana
Ru
Vehumet

Shops:
D:2 [   D:3 (*(=   D:4 [


Innate Abilities, Weirdness & Mutations

You are immune to sickness and miasma.
Your stone body is resilient. (AC +6)
You are immune to poison.
You resist negative energy. (rN+)
You are resistant to electric shocks. (rElec)
You are resistant to unholy torment.
You are immune to petrification.


Message History

You barely miss the yak. You hit the yak.
You kill the yak!
The yak gores you!
* * * LOW HITPOINT WARNING * * *
The yak gores you but does no damage.
Your Fighting skill increases to level 6!
Your Evocations skill increases to level 4!
You barely miss the yak.
The yak is heavily wounded.
You closely miss the yak. The yak closely misses you. The yak gores you.
* * * LOW HITPOINT WARNING * * *
Unknown command.
You slash the yak!
The yak is heavily wounded.
You hit the yak but do no damage.
The yak gores you but does no damage. x2
Unknown command.
You barely miss the yak.
The yak is heavily wounded.
You barely miss the yak. The yak gores you!
* * * LOW HITPOINT WARNING * * *
You block the yak's attack.
Unknown command.
You closely miss the yak.
The yak is heavily wounded.
You barely miss the yak. You block the yak's attack.
The yak gores you but does no damage. The yak barely misses you.
The yak gores you.
* * * LOW HITPOINT WARNING * * *
You feel better. The yak gores you but does no damage. The yak gores you.
* * * LOW HITPOINT WARNING * * *
Unknown command.
You barely miss the yak.
The yak is heavily wounded.
You hit the yak. The yak completely misses you. The yak gores you!
* * * LOW HITPOINT WARNING * * *
Unknown command.
You barely miss the yak.
The yak is heavily wounded.
You slash the yak! The yak gores you!
You die...

#.#.#...# #.. .
#.......## +.. .
#......... #..#.##
#.....#### #..8+8#
#.....# +.....#
##.....#
#.....######......#
#....Y............#
#...Y@).....#........
#...†.))..#......#....
#.....)...########....
#.........# ....
####....#.# ..
#....#.# #....#.#
#....#.# #....#..


You could see 2 yaks.

Vanquished Creatures
  Pikel (D:5)
  Sigmund (D:2)
  Eustachio (D:4)
  A yak (D:6)
  Menkaure (D:4)
  A sky beast (D:5)
  An ogre (D:4)
  2 centaurs (D:6)
  A lemure (D:5)
  A kobold brigand (D:6)
  2 scorpions (D:5)
  A gnoll sergeant (D:6)
  3 wights (D:5)
  A hound (D:5)
  Crazy Yiuf (D:3)
  Ijyb (D:3)
  2 iguanas (D:5)
  Natasha (thrice) (D:2)
  Robin (D:3)
  7 adders
  8 gnolls
  2 river rats (D:4)
  2 ufetubi (D:4)
  A worm (D:5)
  2 dart slugs
  4 orcs
  5 endoplasms
  18 goblins
  7 hobgoblins
  5 quokkas
  2 ball pythons (D:2)
  5 bats
  5 frilled lizards
  11 kobolds
  2 rats (D:4)
112 creatures vanquished.

Notes
Turn   | Place    | Note
-------+----------+-------------------------------------------
     0 | D:1      | bande the Gargoyle Fighter began the quest for the Orb.
     0 | D:1      | Reached XP level 1. HP: 14/14 MP: 1/1
   153 | D:1      | Reached XP level 2. HP: 17/19 MP: 2/2
   625 | D:2      | Reached skill level 2 in Axes
   704 | D:2      | Reached XP level 3. HP: 23/23 MP: 3/3
  1004 | D:2      | Noticed Natasha
  1013 | D:2      | Killed Natasha
  1014 | D:2      | Reached XP level 4. HP: 29/29 MP: 4/4
  1026 | D:2      | Noticed Sigmund
  1036 | D:2      | Killed Sigmund
  1037 | D:2      | Reached skill level 3 in Axes
  1037 | D:2      | Reached XP level 5. HP: 25/33 MP: 5/5
  1362 | D:2      | Noticed Natasha
  1365 | D:2      | Killed Natasha
  1366 | D:2      | Reached skill level 4 in Axes
  1366 | D:2      | Reached XP level 6. HP: 36/38 MP: 6/6
  1428 | D:2      | Found Moir's Antique Armour Shoppe.
  1645 | D:2      | Noticed Natasha
  1651 | D:2      | Killed Natasha
  1741 | D:3      | Found Simuiwekko's Antique Weapon Shop.
  1756 | D:3      | Found a snail-covered altar of Cheibriados.
  1756 | D:3      | Found a sacrificial altar of Ru.
  1759 | D:3      | Found a hazy altar of Hepliaklqana.
  1773 | D:3      | Noticed Ijyb
  1804 | D:3      | Killed Ijyb
  1846 | D:3      | Found a blossoming altar of Fedhas.
  1899 | D:3      | Identified the +4 whip "Tattletale" {venom, *Rage rPois
                  | rCorr Stlth+}
  1948 | D:3      | Found a runed translucent door.
  1949 | D:3      | Noticed Crazy Yiuf
  2138 | D:3      | Found a radiant altar of Vehumet.
  2189 | D:3      | Found Vat Wati's Jewellery Shoppe.
  2212 | D:3      | Noticed Robin
  2234 | D:3      | Killed Robin
  2293 | D:3      | Found Cisutim's Weapon Emporium.
  2302 | D:3      | Found Fareoss's Assorted Antiques.
  2637 | D:3      | Killed Crazy Yiuf
  2850 | D:4      | Noticed Eustachio
  2864 | D:4      | Killed Eustachio
  2865 | D:4      | Reached skill level 5 in Axes
  2865 | D:4      | Reached skill level 1 in Evocations
  2865 | D:4      | Reached XP level 7. HP: 39/44 MP: 7/7
  2974 | D:4      | Found Narooshu's Antique Armour Shop.
  3136 | D:4      | Noticed Menkaure
  3144 | D:4      | Killed Menkaure
  3145 | D:4      | Reached skill level 5 in Armour
  3791 | D:2      | Bought a pair of glowing boots for 142 gold pieces
  3896 | D:5      | Entered Level 5 of the Dungeon
  4247 | D:5      | Reached XP level 8. HP: 37/48 MP: 8/8
  4539 | D:5      | Reached skill level 5 in Fighting
  5165 | D:5      | Reached skill level 6 in Axes
  5441 | D:6      | Reached skill level 5 in Shields
  5493 | D:6      | Noticed Pikel
  5810 | D:5      | Killed Pikel
  5811 | D:5      | Reached skill level 7 in Axes
  5811 | D:5      | Reached XP level 9. HP: 38/55 MP: 9/9
  6178 | D:6      | HP: 2/55 [yak (9)]
  6182 | D:6      | Slain by a yak

Illustrated notes

Levels and vault maps discovered:
D:1:      noname_arrival_rooms_in_the_neighbourhood, layout_rooms
D:2:      layout_loops_corners, serial_shops, nicolae_shop_trees, uniq_sigmund,
          uniq_natasha
D:3:      layout_basic, nicolae_overflow_hidden_temple,
          mainiacjoe_overflow_alcove_1, serial_shops, shop, shop, shop_statue,
          nicolae_shop_waterfront, solitary_fountain, uniq_ijyb, uniq_robin,
          uniq_crazy_yiuf_cottage
D:4:      layout_basic, serial_shops, shop, portal_sewer_entry_b,
          minmay_misc_feat_diagonals, chequers_serial_rivers_micro_e,
          uniq_menkaure, uniq_eustachio
D:5:      layout_layer_cave
D:6:      layout_basic, jmf_multi_god_temple2, uniq_maggie, uniq_pikel

Skill      XL: |  1  2  3  4  5  6  7  8  9 |
---------------+----------------------------+-----
Axes           | 2 3 4 5 7 |  7.5
Fighting       | 4 5 6 |  6.0
Armour         | 4 5 6 |  6.2
Shields        | 4 5 |  5.6
Evocations     | 1 2 3 4 |  4.0

Action                   |  1- 3 |  4- 6 |  7- 9 || total
-------------------------+-------+-------+-------++-------
Melee: War axe           |    97 |   128 |   212 ||   437
  Use: Scroll            |       |     8 |     4 ||    12
       Potion            |       |       |     1 ||     1
Armor: Scale mail        |    54 |    81 |   171 ||   306
Dodge: Dodged            |    49 |    58 |   137 ||   244
Block: Buckler           |    25 |    33 |    90 ||   148

Table legend: (Time is in decaauts)
 A = Elapsed time spent in this place.
 B = Non-inter-level travel time spent in this place.
 C = Inter-level travel time spent in this place.
 D = Time resting spent in this place.
 E = Time spent auto-exploring this place.
 F = Levels seen in this place.
 G = Mean time per level.
                   A        B        C        D        E       F      G
               +--------+--------+--------+--------+--------+-----+--------+
         Total |   6330 |   5975 |    355 |   1146 |   3576 |   6 | 1055.0 |
       Dungeon |   6330 |   5975 |    355 |   1146 |   3576 |   6 | 1055.0 |
               +--------+--------+--------+--------+--------+-----+--------+

Top non-repeatable levels by time:
     D:5: 1550 daAuts
     D:4: 1290 daAuts
     D:2: 1275 daAuts
     D:3: 1259 daAuts
     D:1: 520 daAuts
     D:6: 434 daAuts
